 Dungeon Crawl Stone Soup version 0.27.0-1-g7a089689b8 (webtiles) character file.

Game seed: 17569056742940781292

23641 quinnr the Stormcaller (level 13, -3/68 HPs)
             Began as a Tengu Air Elementalist on Aug 1, 2021.
             Was a High Priest of Hepliaklqana.
             Slain by a spriggan rider (21 damage)
             ... on level 5 of the Lair of Beasts.
             The game lasted 00:40:45 (16189 turns).

quinnr the Stormcaller (Tengu Air Elementalist)    Turns: 16189, Time: 00:40:45

Health: -3/68      AC:  4    Str:  8    XL:     13   Next: 8%
Magic:  16/24      EV: 18    Int: 20    God:    Hepliaklqana [*****.]
Gold:   887        SH:  7    Dex: 16    Spells: 18/26 levels left

rFire    + + .     SeeInvis .   r - staff of air
rCold    + . .     Faith    .   L - +2 buckler {reflect}
rNeg     . . .     Spirit   .   N - +0 robe {rC+ rF+}
rPois    +         Reflect  +   (helmet restricted)
rElec    +         Harm     .   B - +1 cloak {rCorr}
rCorr    +         Rampage  .   (no gloves)
Will     .....                  (boots unavailable)
Stlth    ++++......             g - amulet of magic regeneration
HPRegen  0.21/turn              e - ring of protection from fire
MPRegen  0.44/turn              J - ring of poison resistance

@: flying quickly and evasively, very slightly contaminated, quick
A: reduced essence, beak, talons 3, nimble flight
a: Renounce Religion, Recall Ancestor, Ancestor Identity, Transference, Idealise


You were on level 5 of the Lair of Beasts.
You worshipped Hepliaklqana.
Hepliaklqana was extremely pleased with you.
You visited 2 branches of the dungeon, and saw 16 of its levels.
You also visited: Ossuary.

You collected 1067 gold pieces.
You spent 180 gold pieces at shops.

Inventory:

Hand Weapons
 p - a +2 vampiric dagger
Missiles
 o - 37 poisoned darts
 A - 2 curare-tipped darts
Armour
 a - a +1 robe
 f - a +3 leather armour of poison resistance
 B - a +1 cloak of preservation (worn)
 L - a +2 buckler of reflection (worn)
 N - a +0 robe of resistance (worn)
Magical Staves
 n - a staff of poison
 r - a staff of air (weapon)
 K - a staff of earth
Jewellery
 e - a ring of protection from fire (left hand)
 g - an amulet of magic regeneration (around neck)
 q - an amulet of faith
 y - a ring of wizardry
 J - a ring of poison resistance (right hand)
Wands
 i - a wand of acid (6)
 x - a wand of mindburst (19)
 D - a wand of polymorph (10)
 E - a wand of flame (9)
Scrolls
 b - 2 scrolls of enchant armour
 d - 3 scrolls of enchant weapon
 m - 2 scrolls of identify
 t - a scroll of teleportation
 F - a scroll of torment
 H - a scroll of fog
 I - a scroll of amnesia
 M - a scroll of fear
Potions
 c - 2 potions of degeneration
 h - 3 potions of mutation
 j - 3 potions of berserk rage
 k - 2 potions of cancellation
 l - 2 potions of lignification
 s - 2 potions of magic
 u - 2 potions of might
 v - 7 potions of curing
 w - 5 potions of resistance
 z - 3 potions of heal wounds
 C - 3 potions of attraction
 G - 2 potions of invisibility


   Skills:
 - Level 7.0 Fighting
 - Level 2.0 Staves
 - Level 5.0 Armour
 - Level 7.0 Dodging
 - Level 7.0 Stealth
 + Level 3.8 Shields
 - Level 7.0 Spellcasting
 - Level 3.0 Conjurations
 - Level 15.1 Air Magic
 - Level 5.0 Invocations
 + Level 8.8 Evocations


You had 18 spell levels left.
You knew the following spells:

 Your Spells              Type           Power      Damage    Failure   Level
a - Shock                 Conj/Air       100%       1d9       1%          1
b - Airstrike             Air            39%        N/A       1%          4
c - Swiftness             Air            79%        N/A       1%          3

Your spell library contained the following spells:

 Spells                   Type           Power      Damage    Failure   Level
 Static Discharge         Conj/Air       60%        N/A       1%          2
 Slow                     Hex            7%         N/A       14%         2
 Confusing Touch          Hex            7%         N/A       28%         3
 Yara's Violent Unravell  Hex/Tmut       3%         3d4       95%         5


Dungeon Overview and Level Annotations

Branches:
Dungeon (11/15)            Temple (0/1) D:5            Lair (6/6) D:9
  Swamp (0/4) Lair:2        Slime (0/5) Lair:6      Ossuary (visited)
  Snake: Lair:2-4    Spider: Lair:2-4       Orc: D:9-12

Altars:
Ashenzari
Hepliaklqana
Makhleb
Qazlal
Ru
Trog
Wu Jian

Shops:
D:4 !(


Innate Abilities, Weirdness & Mutations

Your life essence is reduced to manifest your ancestor. (-10% HP)
You have a beak for a mouth.
You have claws for feet.
Your magical nature lets you fly swiftly and evasively.


Message History

The spriggan rider is lightly wounded.
The spriggan rider blocks Hatsune Miku's attack.
The spriggan rider closely misses Hatsune Miku.
You feel a surge of power! Hatsune Miku avoids your attack.
The zap hits the spriggan rider!
The spriggan rider is moderately wounded.
Hatsune Miku hits the spriggan rider but does no damage.
Hatsune Miku drains the spriggan rider.
The spriggan rider hits Hatsune Miku with a +0 spear!!
You feel a surge of power!
You miscast Shock.
You are very lightly contaminated with residual magic.
Nothing appears to happen.
Hatsune Miku barely misses the spriggan rider.
The spriggan rider hits Hatsune Miku with a +0 spear!!
Hatsune Miku is destroyed!
You feel a surge of power!
The zap misses the spriggan rider.
The spriggan rider completely misses you.
Things that are here:
a +2 rapier of flaming; a +0 buckler; a bullfrog corpse The spriggan rider hits you from afar with a +0 spear!!
Casting: Shock (safe; 1% risk of failure)
Confirm with . or Enter, or press ? or * to list all spells.
Aiming: Airstrike (safe; 1% risk of failure)
Press: ? - help, Dir - move target, f/p - spriggan rider
Aim: a spriggan rider, wielding a +0 spear and wearing a +0 buckler (moderately wounded, lightly drained)
You feel a surge of power!
The air twists around and strikes the spriggan rider!!
The spriggan rider is heavily wounded.
The spriggan rider hits you from afar with a +0 spear!!
* * * LOW HITPOINT WARNING * * *
Casting: Airstrike (safe; 1% risk of failure)
Confirm with . or Enter, or press ? or * to list all spells.
Aiming: Airstrike (safe; 1% risk of failure)
Press: ? - help, Dir - move target, f/p - spriggan rider
Aim: a spriggan rider, wielding a +0 spear and wearing a +0 buckler (heavily wounded, lightly drained)
You feel a surge of power!
The air twists around and strikes the spriggan rider!
The spriggan rider is almost dead.
The spriggan rider hits you from afar with a +0 spear!!
You die...

♣..♣ ♣♣)♣♣
♣♣.♣ ♣.♣
♣.♣♣ ♣♣.♣
♣.♣ ♣.♣♣♣
♣♣@.♣
♣♣.♣♣♣♣♣♣♣
♣.i♣♣.i.♣♣
♣♣..♣.♣♣.♣
♣.♣.♣♣♣♣.♣
...♣♣♣ .♣
♣.♣.♣♣ .♣
.. ♣♣ ..
.♣ i.


You could see a spriggan rider (drained).

Vanquished Creatures
  2 hydras
  A centaur warrior (D:9)
  A two-headed ogre (D:10)
  A catoblepas (Lair:3)
  5 death yaks
  2 bog bodies (Lair:2)
  2 oklob plants (Lair:2)
  A torpor snail (Lair:6)
  A black mamba (Lair:2)
  4 cane toads
  3 rime drakes
  2 trolls
  3 blink frogs (D:9)
  A shadow (D:10)
  12 yaks
  2 spriggans (Lair:5)
  A wyvern (Lair:2)
  2 basilisks (Lair:2)
  5 water moccasins
  2 ice beasts (D:6)
  3 orc warriors
  A black bear (D:7)
  2 sky beasts
  A necrophage (D:3)
  An ogre (D:5)
  13 wolves
  A boggart (Lair:5)
  3 centaurs
  A phantom (D:4)
  6 bullfrogs
  5 scorpions
  2 gnoll sergeants
  5 electric eels (Lair:2)
  4 wights (D:9)
  4 howler monkeys
  3 orc priests
  4 centaur zombies
  A human zombie (Ossuary)
  A jelly (D:5)
  Jessica (D:3)
  3 hell rats (Lair:6)
  7 iguanas
  2 orc wizards (D:4)
  A mummy (Ossuary)
  A howler monkey zombie (D:9)
  5 gnolls
  A howler monkey skeleton (D:4)
  5 adders
  A river rat (D:6)
  2 shadow imps (D:7)
  2 white imps
  17 orcs
  5 ball pythons
  4 endoplasms
  2 giant cockroaches
  7 goblins
  8 hobgoblins
  5 jackals
  2 quokkas
  5 bats
  2 frilled lizards (D:3)
  2 gnoll zombies (Ossuary)
  2 goblin zombies (Ossuary)
  3 hobgoblin zombies (Ossuary)
  14 kobolds
  2 orc zombies (Ossuary)
  9 rats
234 creatures vanquished.

Vanquished Creatures (collateral kills)
  A black mamba (Lair:6)
  2 cane toads (Lair:6)
  A hornet (Lair:5)
  10 yaks
  A wyvern (D:8)
  A steam dragon (D:6)
  2 water moccasins
  A sky beast (D:6)
  An ice beast (D:7)
  2 wolves (Lair:2)
  A centaur (D:7)
  An ogre (D:6)
  3 kobold brigands
  An elf zombie (Ossuary)
  A hound (D:5)
  A human zombie (Ossuary)
  A jelly (D:5)
  2 hell rats (Lair:6)
  A mummy (Ossuary)
  A howler monkey zombie (D:6)
  2 gnolls (D:8)
  2 kobolds
  A gnoll zombie (Ossuary)
40 creatures vanquished.

Vanquished Creatures (others)
  12 hexers
  A bush (Lair:6)
  23 fungi
  57 plants
93 creatures vanquished.

Grand Total: 367 creatures vanquished

Notes
Turn   | Place    | Note
-------+----------+-------------------------------------------
     0 | D:1      | quinnr the Tengu Air Elementalist began the quest for the
                  | Orb.
     0 | D:1      | Reached XP level 1. HP: 10/10 MP: 4/4
   221 | D:1      | Reached XP level 2. HP: 9/15 MP: 0/6
   602 | D:1      | Reached skill level 5 in Air Magic
  1207 | D:1      | Reached XP level 3. HP: 19/19 MP: 3/7
  1408 | D:2      | Found a stormy altar of Qazlal.
  1903 | D:3      | Noticed Jessica
  2484 | D:3      | Reached XP level 4. HP: 17/24 MP: 3/9
  2847 | D:3      | Killed Jessica
  2880 | D:3      | Reached skill level 1 in Fighting
  2880 | D:3      | Reached skill level 6 in Air Magic
  2880 | D:3      | Gained mutation: Your magical nature lets you fly swiftly
                  | and evasively. [Tengu growth]
  2880 | D:3      | Reached XP level 5. HP: 29/29 MP: 7/10
  2992 | D:4      | Noticed an orc warrior
  3072 | D:3      | Killed an orc warrior
  3073 | D:3      | Reached skill level 7 in Air Magic
  3176 | D:4      | Reached XP level 6. HP: 34/34 MP: 8/11
  3190 | D:4      | Found a hazy altar of Hepliaklqana.
  3203 | D:4      | Reached skill level 8 in Air Magic
  3275 | D:4      | Reached skill level 9 in Air Magic
  3275 | D:4      | Reached XP level 7. HP: 38/38 MP: 8/12
  3549 | D:4      | Reached skill level 10 in Air Magic
  3770 | D:4      | Learned a level 4 spell: Airstrike
  3783 | D:4      | Became a worshipper of Hepliaklqana the Forgotten
  3852 | D:4      | Found Ynoth's Distillery.
  3852 | D:4      | Found Taumij's Weapon Shoppe.
  3860 | D:4      | Bought a potion of might for 40 gold pieces
  3860 | D:4      | Bought a potion of curing for 30 gold pieces
  3860 | D:4      | Bought a potion of resistance for 100 gold pieces
  3860 | D:4      | Bought a potion of degeneration for 10 gold pieces
  3906 | D:5      | Entered Level 5 of the Dungeon
  4126 | D:5      | Reached XP level 8. HP: 44/44 MP: 7/14
  4313 | D:5      | Reached * piety under Hepliaklqana
  4689 | D:5      | Found a staircase to the Ecumenical Temple.
  5034 | D:6      | Reached skill level 1 in Evocations
  5079 | D:6      | quinnr: ??distant
  5079 | D:6      | beem: portal distance[1/1]: Portal distance by adjective:
                  | very distant, >30; distant, >15; nearby, >7.
  5367 | D:6      | Noticed a troll
  5425 | D:6      | Reached ** piety under Hepliaklqana
  5453 | D:6      | Remembered your ancestor Hatsune Miku as a hexer
  5663 | D:6      | Found a glowing drain.
  5757 | D:6      | Reached XP level 9. HP: 35/45 MP: 13/16
  5963 | D:6      | Killed a troll
  5971 | D:6      | Reached skill level 5 in Spellcasting
  5979 | D:6      | Reached skill level 5 in Stealth
  6056 | D:6      | Found the +27 Lear's hauberk
  6626 | D:7      | Reached skill level 5 in Evocations
  6747 | D:7      | Found a sacrificial altar of Ru.
  6813 | D:7      | Reached skill level 11 in Air Magic
  6914 | D:7      | Reached *** piety under Hepliaklqana
  7200 | D:8      | Identified a scroll of acquirement
  7200 | D:8      | Acquired a +1 cloak of preservation
  7334 | D:8      | Found a bloodstained altar of Trog.
  7358 | D:8      | Reached skill level 5 in Dodging
  7427 | D:8      | Found a sand-covered staircase.
  7441 | Ossuary  | Entered an ossuary
  7871 | Ossuary  | Reached skill level 1 in Invocations
  7871 | Ossuary  | Reached XP level 10. HP: 52/52 MP: 13/18
  8119 | D:8      | Found a burning altar of Makhleb.
  8120 | D:8      | Found an ornate altar of the Wu Jian Council.
  8164 | D:8      | Reached skill level 1 in Armour
  8225 | D:8      | Found a broken altar of Ashenzari.
  8744 | D:8      | Reached skill level 5 in Fighting
  9035 | D:9      | Reached skill level 12 in Air Magic
  9310 | D:9      | Noticed a centaur warrior
  9315 | D:9      | Killed a centaur warrior
  9543 | D:9      | Noticed a death yak
  9545 | D:9      | Noticed a death yak
  9549 | D:9      | Noticed a death yak
  9550 | D:9      | Noticed a death yak
  9632 | D:9      | Killed a death yak
  9633 | D:9      | Reached skill level 13 in Air Magic
  9776 | D:9      | Killed a death yak
  9777 | D:9      | Reached skill level 5 in Invocations
  9777 | D:9      | Reached XP level 11. HP: 42/56 MP: 4/19
  9871 | D:9      | Noticed a death yak
  9871 | D:9      | Noticed a death yak
  9979 | D:9      | Found a staircase to the Lair.
 10001 | D:9      | Reached skill level 14 in Air Magic
 10120 | D:9      | Reached **** piety under Hepliaklqana
 10149 | D:9      | Killed a death yak
 10314 | D:9      | Killed a death yak
 10726 | D:10     | Entered Level 10 of the Dungeon
 10734 | D:10     | Reached skill level 15 in Air Magic
 10907 | D:10     | Noticed a two-headed ogre
 10911 | D:10     | Killed a two-headed ogre
 11641 | D:11     | Noticed a cyclops
 11901 | Lair:1   | Entered Level 1 of the Lair of Beasts
 11907 | Lair:1   | Reached skill level 1 in Staves
 12483 | Lair:1   | Reached ***** piety under Hepliaklqana
 12906 | Lair:1   | Reached XP level 12. HP: 45/63 MP: 12/21
 13282 | Lair:2   | Reached skill level 5 in Armour
 13459 | Lair:2   | Noticed a five-headed hydra
 13468 | Lair:2   | Killed a five-headed hydra
 13913 | Lair:2   | Found a staircase to the Swamp.
 14657 | Lair:2   | Learned a level 3 spell: Swiftness
 14968 | Lair:3   | Noticed a catoblepas
 14986 | Lair:3   | Killed a catoblepas
 15102 | Lair:3   | Noticed a four-headed hydra
 15106 | Lair:3   | Killed a four-headed hydra
 15274 | Lair:3   | Acquired a +2 buckler of reflection
 15391 | Lair:3   | You are sucked into a shaft and drop 3 floors!
 15391 | Lair:6   | Entered Level 6 of the Lair of Beasts
 15580 | Lair:6   | Reached skill level 1 in Shields
 15674 | Lair:6   | Noticed a death yak
 15698 | Lair:6   | Killed a death yak
 15850 | Lair:5   | Noticed a death yak
 15850 | Lair:5   | Noticed a death yak
 15850 | Lair:5   | Noticed a death yak
 15850 | Lair:5   | Noticed a death yak
 15850 | Lair:5   | Noticed a death yak
 15850 | Lair:5   | Noticed a death yak
 15876 | Lair:6   | Reached XP level 13. HP: 56/68 MP: 24/24
 16189 | Lair:5   | Slain by a spriggan rider

Illustrated notes

Levels and vault maps discovered:
D:1:      erik_arrival_triangle_large, layout_basic
D:2:      layout_basic, basic_altar
D:3:      layout_basic, uniq_jessica
D:4:      layout_basic, nicolae_overflow_crystal_walls, nicolae_wooded_promenade
D:5:      layout_gridville, minmay_temple_entry_slanted, minmay_liquid_box
D:6:      layout_loops_corners, portal_sewer_entry_b, minivault_22,
          hellmonk_guarded_unrand_lears
D:7:      layout_basic, mainiacjoe_overflow_tiny_flanked
D:8:      layout_basic, mainiacjoe_overflow_alcove_2, trog_butcher_becter,
          mainiacjoe_overflow_divided_tiny, enter_ossuary_2
D:9:      layout_roguey, dpeg_lair_monsters
D:10:     layout_grid_maze
D:11:     layout_loops_ring, kennysheep_potato, uniq_urug, uniq_grum
Lair:1:   layout_big_grid, lemuel_fruit_tree
Lair:2:   layout_chaotic_city, skrybe_swamp_entry_bodies, serial_bayou,
          serial_bayou_pond_c, serial_bayou_ford_a, serial_bayou_pond_b,
          serial_bayou_shore_b, columned_hall_lemuel, minmay_lair_oklob_chamber,
          infiniplex_staircase_pool
Lair:3:   layout_gridlike
Lair:5:   kb_forest_paths, layout_layer_cave, uniq_nessos
Lair:6:   hellmonk_lair_end_abyssal_woods, layout_long_grid, slime_altar_2,
          wad_woods_road_02, serial_bayou_pond_a

Skill      XL: |  1  2  3  4  5  6  7  8  9 10 11 12 |
---------------+-------------------------------------+-----
Air Magic      | 5 6 7 9 10 11 13 15 | 15.1
Spellcasting   | 3 4 5 7 |  7.0
Fighting       | 1 3 4 5 6 7 |  7.0
Dodging        | 4 5 6 7 |  7.0
Stealth        | 4 5 7 |  7.0
Evocations     | 3 5 6 8 |  8.8
Conjurations   | 3 |  3.0
Invocations    | 1 5 |  5.0
Armour         | 3 4 5 |  5.0
Staves         | 2 |  2.0
Shields        | 3 |  3.8

Action                   |  1- 3 |  4- 6 |  7- 9 | 10-12 | 13-15 || total
-------------------------+-------+-------+-------+-------+-------++-------
Melee: Unarmed           |     2 |       |       |       |       ||     2
       Staff             |       |       |     5 |    28 |       ||    33
       Kick              |       |       |     3 |     6 |       ||     9
       Peck              |       |       |     1 |     4 |       ||     5
 Cast: Shock             |    93 |    42 |   234 |   240 |    27 ||   636
       Airstrike         |       |       |    35 |   171 |     9 ||   215
       Swiftness         |       |       |       |     1 |       ||     1
Invok: Ancestor Life: He |       |       |     1 |       |       ||     1
       Recall Ancestor   |       |       |     2 |     8 |     1 ||    11
       Ancestor Identity |       |       |     1 |       |       ||     1
Evoke: Wand              |       |       |       |     3 |       ||     3
  Use: Scroll            |       |       |    17 |     7 |     1 ||    25
Armor: Robe              |     9 |       |       |       |       ||     9
       Leather armour    |       |       |       |    22 |       ||    22
Dodge: Dodged            |    18 |     3 |    25 |   117 |     3 ||   166
Block: Buckler           |       |       |       |    12 |     1 ||    13
